Description

You have trouble to defend cannon rush, in this replay (from a 5k8 Zerg Player), garitos use a 1 base Nydus/Swarmhost to defend it.

In the VOD, he show us how to hold them with drones too.

Notes :

  • Send your 2nd overlord on your natural
  • If you scout the cannon rush to late: Go to a 1 base nydus
  • Focus the warp prism with your queens
  • Don't send all your locust at the same time, you should always have a wave ready for defense

VOD

https://youtu.be/_B9SlUflkjg

Replay - canon_def_SH

Build Order

Get SALT Encoding   

  12  0:00  Drone  
  13  0:10  Drone  
  14  0:18  Extractor x2, Drone x2  
  13  0:27  Overlord  
  16  0:42  Spawning Pool  
  15  0:46  Drone x2  
  17  0:57  Drone  
  17  0:58  Extractor  
  17  1:22  Drone x2  
  19  1:41  Drone  
  21  1:53  Zergling x2  
  21  2:01  Lair  
  21  2:08  Extractor  
  21  2:13  Spine Crawler  
  22  2:44  Overlord  
  22  2:58  Nydus Network  
  22  3:02  Queen  
  22  3:05  Zergling x6  
  26  3:14  Infestation Pit  
  25  3:20  Zergling x2  
  27  3:35  Nydus Canal  
  27  3:40  Overlord, Queen  
  28  4:02  Swarm Host x2  
  33  4:18  Swarm Host  
  33  4:20  Overlord x2  
  36  4:29  Swarm Host  
  37  4:41  Swarm Host x2  
  43  4:51  Swarm Host  
  43  4:52  Queen  
  48  5:08  Swarm Host  
  50  5:23  Swarm Host  
  53  6:03  Swarm Host  
Spawning Tool Build Advisor. Get it on Overwolf

Go to:

Details

  • Created by: zuka      
  • Published on: Aug 17, 2019
  • Modified on: Aug 17, 2019
  • Patch: 4.7.1
Show
View Real Time Build Order
Export as new Build Order

Comments (0)

There are no comments. Be the first!

Create an account to comment!